 Dungeon Crawl Stone Soup version 0.23-a0-703-gdf2d5e0 (console) character file.

11 Duffy the Firebug (level 2, 6/28 HPs)
             Began as a Demonspawn Fire Elementalist on Jan 13, 2019.
             Quit the game on level 2 of the Dungeon.
             The game lasted 00:00:16 (73 turns).

Duffy the Firebug (Demonspawn Fire Elementalist)      Turns: 73, Time: 00:00:17

Health: 6/28       AC: 21    Str:  8    XL:     2   Next: 17%
Magic:  2/5        EV:  2    Int: 16    God:
Gold:   0          SH:  0    Dex: 13    Spells: 4/5 levels left

rFire    . . .     SeeInvis .   (no weapon)
rCold    . . .     Gourm    .   (no shield)
rNeg     + + +     Faith    .   (armour currently unavailable)
rPois    +         Spirit   .   (helmet currently unavailable)
rElec    .         Reflect  .   (cloak currently unavailable)
rCorr    .         Harm     .   (gloves currently unavailable)
MR       .....     NoTele   +   (boots currently unavailable)
Stlth    ++........             (no amulet)
HPRegen  0.09/turn              (no ring)
MPRegen  0.09/turn              (no ring)

@: tree-form
A: no striking features
a: no special abilities


You were on level 2 of the Dungeon.
You were not hungry.
You were a tree.
You visited 1 branch of the dungeon, and saw 2 of its levels.

Inventory:

Armour
 a - a +0 robe (melded)
 b - a +0 pair of boots (melded)
Scrolls
 d - a scroll of identify {unknown}
Potions
 e - a potion of might {unknown}
Comestibles
 c - 4 rations


   Skills:
 - Level 1.7 Dodging
 - Level 1.7 Stealth
 - Level 2.0 Spellcasting
 + Level 2.2 Conjurations
 - Level 2.6 Fire Magic


You had 4 spell levels left.
You knew the following spells:

 Your Spells              Type           Power        Failure   Level  Hunger
h - Flame Tongue          Conj/Fire      #....        8%          1    #......

Your spell library contained the following spells:

 Spells                   Type           Power        Failure   Level  Hunger
 Throw Flame              Conj/Fire      #.....       12%         2    ###....
 Conjure Flame            Conj/Fire      #.......     22%         3    ###....
 Inner Flame              Hex/Fire       #.......     34%         3    ###....
 Sticky Flame             Conj/Fire      #.......     58%         4    #####..
 Fireball                 Conj/Fire      #.........   91%         5    ######.


Dungeon Overview and Level Annotations

Branches:
Dungeon (1/15)

Altars:


Innate Abilities, Weirdness & Mutations

((You have sharp fingernails.))


Message History

The jackal bites you but does no damage.
You hit the adder.
The adder is almost dead.
The adder bites you but does no damage.
The jackal bites you but does no damage.
The adder bites you but does no damage.
You closely miss the adder.
The adder is almost dead.
The jackal bites you but does no damage.
The adder bites you but does no damage.
The jackal bites you but does no damage.
You hit the adder.
You kill the adder!
Your Conjurations skill increases to level 2!
You have reached level 2!
You feel monstrous as your demonic heritage exerts itself.
Your demonic ancestry asserts itself...
Your fingernails lengthen.
The jackal bites you but does no damage.
Are you sure you want to abandon this character and quit the game? (Confirm with "yes".)

#.. .. #.# .
..######.# .#
...<......# .#
#..........# ..#
.!.........##..###
#................
#........7.#.#
#.......h#...##.
##...............
#............##..
#...............#
...#...........#.
#..?.....##.# #
#........# .#
#...%....# .


You could see a jackal.

Vanquished Creatures
  An adder (D:2)
  A jackal (D:2)
  A bat (D:2)
3 creatures vanquished.

Notes
Turn   | Place    | Note
-------+----------+-------------------------------------------
     0 | D:1      | Duffy the Demonspawn Fire Elementalist began the quest for
                  | the Orb.
     0 | D:1      | Reached XP level 1. HP: 13/13 MP: 3/3
    44 | D:1      | You fall through a shaft!
    72 | D:2      | Gained mutation: You have sharp fingernails. [demonic
                  | ancestry]
    72 | D:2      | Reached XP level 2. HP: 6/19 MP: 1/5
    73 | D:2      | Quit the game

Vault maps used:
D:1:      lemuel_arrival_room

Skill      XL: |  1 |
---------------+----+-----
Conjurations   | 2 |  2.2
Dodging        | |  1.7
Stealth        | |  1.7
Spellcasting   | |  2.0
Fire Magic     | |  2.6

Action                   || total
-------------------------++-------
Melee: Unarmed           ||    10
 Cast: Flame Tongue      ||     3
  Use: Potion            ||     1
Armor: Skin              ||    12
       Robe              ||     7
Dodge: Dodged            ||    11

Table legend:
 A = Non-vault XP
 B = Vault XP
 C = Vault XP percentage of total XP
 D = Non-vault monster count
 E = Vault monster count
 F = Vault count percentage of total count
                 A         B        C        D         E       F
            +---------+---------+-------+---------+---------+-------
      Total |      17 |       0 |   0.0 |       3 |       0 |   0.0
            +---------+---------+-------+---------+---------+-------
        D:2 |      17 |       0 |   0.0 |       3 |       0 |   0.0
            +---------+---------+-------+---------+---------+-------
